Map: Pillars of Gold LE

Players

Kas - Winner!

  • Race: Terran Terran
  • League: Master
  • Spawn Location: 1:00

BlyOnFire (Bly)

  • Race: Zerg Zerg
  • League: Grandmaster
  • Spawn Location: 7:00

Event: DreamHack SC2 Masters 2020 Summer Europe

VOD

Have the link to the VOD?

Description

Time

  • Played on: June 26, 2020, 12:20 p.m.
  • Length: 11:31

All games in this series

Show
View Real Time Build Order
Export as new Build Order

Kas Terran - Winner!

Build Orders: Liberator Opening, Reaper Expand 

Get SALT Encoding   

  12  0:00  SCV  
  13  0:13  SCV  
  14  0:17  Supply Depot  
  14  0:25  SCV  
  15  0:39  SCV  
  15  0:41  Barracks  
  16  0:45  Refinery  
  16  0:51  SCV  
  17  1:03  SCV  
  18  1:15  SCV  
  19  1:28  Reaper, Orbital Command  
  20  1:42  Command Center  
  20  1:53  Supply Depot  
  20  1:54  SCV  
  21  2:00  Marine  
  22  2:06  SCV  
  23  2:11  Factory  
  23  2:24  Barracks Reactor  
  23  2:26  SCV  
  23  2:28  Refinery  
  24  2:42  SCV  
  25  2:54  SCV  
  26  2:59  Orbital Command  
  26  3:04  Starport  
  25  3:06  SCV  
  30  3:12  Hellion  
  30  3:13  Hellion  
  30  3:16  Marine  
  30  3:18  SCV  
  32  3:26  SCV  
  33  3:30  SCV  
  38  3:34  Hellion x2  
  38  3:38  SCV  
  39  3:42  SCV  
  39  3:45  Supply Depot  
  39  3:47  Liberator  
  43  3:50  SCV  
  43  3:55  SCV  
  45  3:56  Barracks Tech Lab  
  45  4:03  SCV  
  45  4:06  Hellion x2  
  50  4:20  Command Center  
  50  4:22  SCV  
  50  4:24  Supply Depot  
  51  4:25  SCV  
  51  4:27  Marine  
  53  4:35  SCV, Supply Depot  
  53  4:37  Barracks  
  53  4:38  Barracks  
  54  4:42  Factory Reactor  
  54  4:45  SCV  
  55  4:47  SCV  
  55  4:51  Engineering Bay  
  55  4:52  Engineering Bay  
  52  5:05  SCV  
  49  5:08  SCV  
  49  5:11  Marine  
  46  5:15  Starport Reactor  
  46  5:17  SCV  
  46  5:19  Terran Infantry Weapons Level 1, Terran Infantry Armor Level 1  
  46  5:20  SCV  
  48  5:24  Widow Mine x2  
  48  5:26  Missile Turret  
  48  5:27  Marine  
  48  5:28  Barracks Reactor, Marine  
  54  5:29  SCV, Marine  
  54  5:31  Missile Turret  
  54  5:33  Stimpack  
  56  5:36  Orbital Command  
  56  5:40  Missile Turret  
  56  5:41  SCV x2  
  58  5:45  Marine  
  58  5:46  Marine x2  
  61  5:53  SCV  
  61  5:55  Medivac x2  
  61  5:56  SCV  
  67  5:59  Widow Mine  
  67  6:03  Marine, Widow Mine  
  72  6:04  Marine  
  72  6:05  SCV, Marine x2  
  72  6:09  Marine  
  78  6:11  SCV x2  
  78  6:15  Refinery  
  78  6:16  Refinery  
  78  6:21  Marine  
  78  6:22  Marine  
  78  6:23  Marine  
  78  6:24  Orbital Command  
  78  6:25  Supply Depot x2  
  81  6:26  SCV, Supply Depot  
  81  6:31  Marine  
  81  6:32  Marine  
  84  6:39  Marine  
  85  6:46  SCV x2, Marine x2  
  87  6:49  Marine x2  
  87  6:55  SCV  
  87  6:56  Marine  
  87  6:58  SCV, Missile Turret  
  87  6:59  SCV  
  91  7:04  Marine x2  
  91  7:07  Medivac x2, Widow Mine x2, Marine x2  
  103  7:09  SCV  
  103  7:12  Combat Shield  
  103  7:14  Marine  
  103  7:15  Armory  
  105  7:22  Marine x2  
  107  7:25  Marine  
  107  7:26  SCV, Barracks x2  
  107  7:28  Factory  
  109  7:44  SCV, Marine x2  
  109  7:48  Supply Depot  
  109  7:49  Supply Depot  
  109  7:51  Supply Depot, Marine x3, Widow Mine x2  
  117  7:52  Supply Depot  
  117  7:53  Supply Depot  
  117  7:58  SCV  
  117  8:02  Terran Infantry Armor Level 2, Terran Infantry Weapons Level 2  
  117  8:09  SCV x2, Marine x2  
  120  8:17  Widow Mine, Marine  
  120  8:18  Widow Mine, Marine  
  126  8:32  Marine x2  
  126  8:34  Barracks Reactor x2  
  114  8:47  Marine  
  114  8:48  Marine x2  
  113  8:50  Marine x2, Factory Tech Lab  
  113  8:51  Widow Mine x2  
  113  9:03  Barracks  
  113  9:04  Barracks  
  113  9:05  Medivac x2, Command Center, Marine x3, Barracks  
  113  9:08  Supply Depot, Marine x2  
  113  9:09  SCV x2  
  123  9:10  Bunker  
  123  9:12  Widow Mine x2  
  127  9:18  Marine x4  
  127  9:20  Drilling Claws, Widow Mine  
  127  9:23  SCV x2, Marine  
  136  9:27  Supply Depot  
  134  9:38  Marine x3  
  134  9:40  Medivac x2  
  141  9:48  Marine x2  
  135  9:53  Barracks Reactor  
  135  9:54  Thor, Barracks Tech Lab x2  
  135  9:55  Widow Mine x2  
  135  9:56  Marine  
  138  10:11  Marauder, Marine x2  
  136  10:16  Marine x4  
  136  10:17  Marine x2  
  138  10:22  SCV  
  138  10:25  Marine  
  138  10:26  Marine  
  141  10:29  Marine x2  
  141  10:32  Marine  
  141  10:33  Medivac  
  141  10:34  Marine x2  
  141  10:35  Widow Mine x2, Marine x3  
  142  10:36  Marine  
  142  10:37  SCV  
  142  10:40  Missile Turret  
  142  10:41  Marine x2  
  149  10:43  Marine x2  
  149  10:45  SCV x2  
  149  10:47  Marine  
  154  10:50  Marine  
  154  10:51  Marine  
  154  10:52  Marine x2  
  154  10:53  Marine  
  154  10:54  Planetary Fortress  
  159  10:57  Marine x3  
  159  10:59  Marine  
  171  11:22  Missile Turret  
Show
View Real Time Build Order
Export as new Build Order

BlyOnFire Zerg 

Build Orders: Hatch First, Muta Ling Bane 

Get SALT Encoding   

  12  0:01  Drone  
  13  0:12  Overlord  
  13  0:23  Drone  
  14  0:32  Drone x2  
  16  0:50  Hatchery  
  16  0:53  Drone  
  17  0:57  Drone  
  17  1:00  Drone  
  18  1:10  Extractor  
  17  1:16  Spawning Pool  
  16  1:19  Drone  
  16  1:23  Drone  
  18  1:29  Drone  
  19  1:39  Drone  
  20  1:50  Overlord  
  20  2:02  Queen x2  
  20  2:04  Zergling x4  
  26  2:13  Drone x2  
  26  2:14  Metabolic Boost  
  28  2:22  Extractor  
  27  2:25  Drone x2  
  29  2:32  Drone  
  31  2:37  Extractor  
  31  2:41  Queen  
  32  2:45  Drone  
  32  2:46  Overlord  
  33  2:57  Lair  
  32  3:01  Drone x2  
  32  3:02  Drone  
  36  3:12  Drone  
  36  3:13  Drone x3  
  36  3:15  Extractor  
  36  3:19  Overlord  
  38  3:24  Zergling x6  
  41  3:28  Extractor  
  41  3:32  Overlord  
  40  3:36  Extractor  
  39  3:50  Drone x9  
  47  3:56  Drone  
  48  4:06  Spire  
  48  4:08  Zergling x4  
  49  4:12  Spore Crawler  
  49  4:14  Zergling x4  
  47  4:25  Drone x2  
  47  4:26  Drone x2  
  47  4:31  Zergling x4  
  53  4:34  Overlord  
  53  4:35  Drone  
  56  4:45  Spore Crawler  
  55  4:46  Overlord  
  55  4:47  Overlord  
  46  5:07  Drone x2  
  46  5:08  Drone x3  
  48  5:20  Mutalisk x4  
  56  5:26  Mutalisk x3  
  62  5:37  Mutalisk  
  62  5:41  Drone x3  
  67  5:47  Drone, Baneling Nest  
  67  5:55  Hatchery  
  66  5:59  Drone x3  
  69  6:04  Overlord  
  69  6:11  Zerg Flyer Weapons Level 1  
  68  6:12  Drone x3  
  65  6:20  Mutalisk x2  
  65  6:22  Mutalisk  
  65  6:25  Overlord  
  71  6:31  Evolution Chamber  
  70  6:36  Centrifical Hooks  
  70  6:42  Zergling x10  
  75  6:57  Zergling x14  
  82  7:06  Baneling x5  
  82  7:08  Overseer  
  82  7:09  Zerg Ground Armor Level 1  
  82  7:11  Mutalisk  
  84  7:16  Baneling x2  
  84  7:21  Drone x7  
  84  7:22  Drone  
  92  7:24  Drone  
  92  7:25  Baneling x2  
  92  7:26  Baneling x2  
  93  7:33  Evolution Chamber  
  93  7:37  Drone x3  
  93  7:39  Baneling  
  92  7:45  Queen  
  92  7:47  Drone x4  
  92  7:48  Drone  
  92  7:50  Extractor  
  97  7:58  Zergling x2  
  97  8:00  Overlord x4  
  97  8:02  Zerg Melee Weapons Level 1  
  95  8:05  Overlord  
  95  8:19  Baneling x7  
  95  8:21  Zergling x22  
  95  8:22  Overseer  
  73  8:41  Zergling x12  
  76  8:48  Mutalisk x4  
  75  9:07  Baneling  
  75  9:08  Baneling x7  
  75  9:09  Hatchery, Drone x3  
  77  9:11  Drone  
  77  9:13  Drone  
  79  9:23  Queen  
  79  9:32  Zergling x10  
  84  9:38  Zergling x2  
  84  9:40  Mutalisk  
  81  9:53  Zergling x10  
  81  9:55  Baneling x6  
  81  9:59  Hatchery  
  78  10:09  Zergling x4  
  75  10:15  Zergling x4  
  75  10:19  Lair  
  77  10:21  Zergling x2  
  77  10:32  Zergling x8  
  68  10:36  Zergling x2  
  68  10:37  Baneling x8  
  68  10:42  Zergling x8  
  70  10:53  Zergling x12  
  76  10:58  Zergling x2  
Tags
 
Add a new tag
Caveats
  • Supply blocks, unpowered buildings, or Contaminate may cause inaccurate times.
  • Supply counts are checked every 10 seconds.